 Dungeon Crawl Stone Soup version 0.29.0-13-gc9e81de378 (webtiles) character file.

Game seed: 14351149325525949100

247 RascalDebosk the Cudgeller (level 5, 0/53 HPs)
             Began as a Troll Berserker on Sept 7, 2022.
             Was a Priest of Trog.
             Killed from afar by an orc wizard (10 damage)
             ... with a puff of flame
             ... on level 4 of the Dungeon.
             The game lasted 00:20:07 (2490 turns).

RascalDebosk the Cudgeller (Troll Berserker)        Turns: 2490, Time: 00:20:07

Health: 0/53       AC:  4    Str: 27    XL:     5   Next: 85%
Magic:  4/4        EV: 10    Int:  3    God:    Trog [***...]
Gold:   218        SH:  0    Dex:  9    Spells: 4/4 levels left

rFire   . . .      SeeInvis .   t - +0 flail
rCold   . . .      Faith    .   (no shield)
rNeg    . . .      Spirit   .   w - +0 robe
rPois   .          Reflect  .   (helmet restricted)
rElec   .          Harm     .   (no cloak)
rCorr   .          Rampage  .   (gloves unavailable)
Will    .....                   (boots unavailable)
Stlth   +.........              (no amulet)
HPRegen 0.97/turn               (no ring)
MPRegen 0.09/turn               (no ring)

@: on berserk cooldown, slowed, very slow
A: large, unfitting armour, claws 3, regeneration 1, shaggy fur 1, tough skin 1
a: Renounce Religion, Berserk, Trog's Hand


You were on level 4 of the Dungeon.
You worshipped Trog.
Trog was most pleased with you.
You visited 1 branch of the dungeon, and saw 4 of its levels.

You collected 218 gold pieces.

Inventory:

Hand Weapons
 t - a +0 flail (weapon)
Missiles
 n - 2 boomerangs (quivered)
 v - 3 poisoned darts
Armour
 s - a +0 tower shield
 w - a +0 robe (worn)
Scrolls
 e - 4 scrolls of identify {unknown}
 f - 2 scrolls of brand weapon {unknown}
 g - 3 scrolls of amnesia {unknown}
 h - 3 scrolls of teleportation {unknown}
 k - a scroll of magic mapping {unknown}
 l - a scroll of poison {unknown}
 p - 2 scrolls of butterflies {unknown}
 u - 2 scrolls of immolation {unknown}
Potions
 c - 2 potions of heal wounds {unknown}
 d - a potion of magic {unknown}
 i - 3 potions of brilliance {unknown}
 j - a potion of berserk rage {unknown}
 m - a potion of mutation {unknown}
 o - a potion of curing {unknown}
 q - a potion of resistance {unknown}
 r - a potion of lignification {unknown}


   Skills:
 + Level 3.4 Fighting
 + Level 3.8 Maces & Flails
 + Level 2.3 Throwing
 + Level 3.4 Dodging


You had 4 spell levels left.
You didn't know any spells.
Your spell library was empty.

Dungeon Overview and Level Annotations

Branches:
Dungeon (4/15)
 Temple: D:4-7

Altars:
Vehumet
Yredelemnul


Innate Abilities, Weirdness & Mutations

You are too large for most types of armour.
You have claws for hands.
Your natural rate of healing is unusually fast.
You are covered in fur. (AC +1)
You have tough skin. (AC +1)


Message History

You are no longer berserk.
You are exhausted.
You feel yourself slow down. The hound bites you but does no damage.
The hound closely misses you.
You hear some strange, mumbled words.
Something tries to affect you, but you resist.
You miss the hound.
The hound is lightly wounded.
You feel less confused.
An orc wizard appears from thin air!
Reactivating autopickup.
The hound bites you but does no damage. The hound bites you.
The hound completely misses you.
You hit the hound.
The hound is moderately wounded.
The hound bites you but does no damage. The orc wizard closely misses you.
The hound closely misses you.
The orc wizard hits you with a +0 dagger.
You closely miss the hound.
The hound is moderately wounded.
The hound bites you. The hound closely misses you.
The orc wizard hits you with a +0 dagger.
The hound bites you but does no damage.
The orc wizard hits you with a +0 dagger.
You closely miss the hound.
The hound is moderately wounded.
The hound bites you. x2
The orc wizard points at you and mumbles some strange words.
The magic dart hits you!
The orc wizard points at you and mumbles some strange words.
You resist with some effort. The hound barely misses you.
You hit the orc wizard.
The orc wizard is moderately wounded.
The hound bites you. The hound misses you. The orc wizard casts a spell at you.
The magic dart hits you.
* * * LOW HITPOINT WARNING * * *
The orc wizard casts a spell at you. The puff of flame hits you!
You die...

#...... ##...... #......
###.... #...... ###.. #.....
### #.... ## #.... #### ##.
##..#### #..####### ##..
#......######.......####.##
#.........@####..)......##
...........†ho......####..##
###.........)............##
#..>....#.............##
........#######........#
....###... ######...# ....
~~... #....# #~..♣ #....#
#.... .#


You could see a hound and an orc wizard.

Vanquished Creatures
  A scorpion (D:4)
  Natasha (D:2)
  Terence (D:2)
  5 adders
  An ufetubus (D:4)
  A worm (D:2)
  2 dart slugs (D:3)
  4 orcs
  11 endoplasms
  3 giant cockroaches
  9 hobgoblins
  8 kobolds
  4 quokkas
  5 ball pythons
  5 bats
  3 frilled lizards
  7 goblins
  4 rats
75 creatures vanquished.

Vanquished Creatures (others)
  A quokka (D:4)
1 creature vanquished.

Grand Total: 76 creatures vanquished

Notes
Turn   | Place    | Note
-------+----------+-------------------------------------------
     0 | D:1      | RascalDebosk the Troll Berserker began the quest for the
                  | Orb.
     0 | D:1      | Reached XP level 1. HP: 22/22 MP: 0/0
     3 | D:1      | Noticed an electric eel
     4 | D:1      | Noticed an electric eel
   245 | D:1      | Reached XP level 2. HP: 29/29 MP: 1/1
   847 | D:2      | Found a radiant altar of Vehumet.
   853 | D:2      | Reached skill level 1 in Throwing
   855 | D:2      | Reached ** piety under Trog
   881 | D:2      | Reached XP level 3. HP: 29/36 MP: 2/2
   908 | D:2      | Noticed Natasha
   915 | D:2      | Killed Natasha
   938 | D:2      | Noticed Terence
   949 | D:2      | Killed Terence
   950 | D:2      | Reached XP level 4. HP: 30/45 MP: 3/3
  1601 | D:3      | Reached XP level 5. HP: 53/53 MP: 4/4
  2040 | D:3      | Found a basalt altar of Yredelemnul.
  2177 | D:3      | Reached *** piety under Trog
  2490 | D:4      | Killed from afar by an orc wizard

Illustrated notes

Levels and vault maps discovered:
D:1:      arrival_aquarium_b, layout_basic, minmay_tiny_reverse_x
D:2:      layout_loops_ring, basic_altar, uniq_natasha, uniq_terence
D:3:      corexii_shack_village, layout_basic, lemuel_tele_altar
D:4:      layout_cave_pods, elyvilon_altar_4, minmay_temple_entry_mini_moons

Skill      XL: |  1  2  3  4  5 |
---------------+----------------+-----
Maces & Flails | 3 |  3.8
Throwing       | 1 2 |  2.3
Fighting       | 3 |  3.4
Dodging        | 3 |  3.4

Action                   |  1- 3 |  4- 6 || total
-------------------------+-------+-------++-------
Melee: Mace              |    92 |    42 ||   134
       Flail             |       |    89 ||    89
       Punch             |       |     3 ||     3
Throw: Boomerang         |       |     6 ||     6
Invok: Berserk           |     1 |     1 ||     2
Armor: Animal skin       |    38 |    35 ||    73
       Robe              |       |    22 ||    22
Dodge: Dodged            |    58 |    88 ||   146
